 Dungeon Crawl Stone Soup version 0.26-a0-833-g7262b39652 (webtiles) character file.

Game seed: 6227380418965767352

1547 RamboRex the Cleaver (level 8, 0/71 HPs)
             Began as a Minotaur Berserker on Nov 16, 2020.
             Was an Elder of Trog.
             Succumbed to a killer bee's poison
             ... on level 7 of the Dungeon.
             The game lasted 00:09:07 (6673 turns).

RamboRex the Cleaver (Minotaur Berserker)           Turns: 6673, Time: 00:09:07

Health: 0/71       AC: 14    Str: 23    XL:     8   Next: 57%
Magic:  7/7        EV: 10    Int:  4    God:    Trog [****..]
Gold:   352        SH:  0    Dex: 11    Spells: 7/7 levels left

rFire    . . .     SeeInvis .   a - +0 hand axe
rCold    . . .     Faith    .   (no shield)
rNeg     . . .     Spirit   .   e - +0 chain mail
rPois    .         Reflect  .   (helmet restricted)
rElec    .         Harm     .   q - +2 cloak
rCorr    .         Rampage  .   w - +0 pair of gloves
MR       .....                  (no boots)
Stlth    ..........             (no amulet)
HPRegen  0.21/turn              b - ring of stealth
MPRegen  0.10/turn              (no ring)

@: lethally poisoned (0 -> -17)
A: retaliatory headbutt, horns 2
a: Berserk, Trog's Hand, Brothers in Arms, Renounce Religion


You were on level 7 of the Dungeon.
You worshipped Trog.
Trog was greatly pleased with you.
You visited 1 branch of the dungeon, and saw 7 of its levels.

You collected 352 gold pieces.

Inventory:

Hand Weapons
 a - a +0 hand axe (weapon)
Missiles
 f - 48 poisoned darts (quivered)
Armour
 e - a +0 chain mail (worn)
 q - a +2 cloak (worn)
 w - a +0 pair of gloves (worn)
Jewellery
 b - a ring of stealth (left hand)
 h - an uncursed amulet of magic regeneration
Wands
 s - a wand of random effects (11)
 y - a wand of flame (5)
Scrolls
 c - 2 scrolls of magic mapping
 g - 11 scrolls of remove curse
 i - a scroll of fog {unknown}
 l - 3 scrolls of teleportation
 o - a scroll of fear {unknown}
 p - 2 scrolls of noise {unknown}
 r - 2 scrolls of enchant armour {unknown}
 u - 2 scrolls of amnesia {unknown}
 z - a scroll of blinking {unknown}
 A - a scroll of random uselessness {unknown}
 C - a scroll of identify
 D - a scroll of immolation {unknown}
Potions
 d - a potion of attraction {unknown}
 j - 2 potions of brilliance
 k - 3 potions of curing
 m - a potion of flight {unknown}
 n - a potion of resistance {unknown}
 t - a potion of degeneration {unknown}
 v - a potion of haste {unknown}
 x - a potion of might {unknown}
 B - a potion of mutation {unknown}


   Skills:
 + Level 6.8 Fighting
 * Level 9.0 Axes
 + Level 6.2 Armour
 + Level 5.6 Dodging


You had 7 spell levels left.
You didn't know any spells.
Your spell library was empty.

Dungeon Overview and Level Annotations

Branches:
Dungeon (7/15)
 Temple: D:4-7

Altars:
Ashenzari
Cheibriados
Gozag
Kikubaaqudgha
Qazlal
Ru
Sif Muna
Vehumet
Wu Jian
The Shining One

Shops:
D:5 [


Innate Abilities, Weirdness & Mutations

You reflexively headbutt those who attack you in melee.
You have a pair of horns on your head.


Message History

You headbutt the killer bee!
You kill the killer bee!
Trog accepts your kill. The orc hits you but does no damage.
The killer bee stings you but does no damage.
An orc wizard comes into view.
It is wielding a +0 dagger and wearing a +0 robe of cold resistance.
Your Axes skill increases to level 9!
The orc wizard shouts!
You hit the killer bee.
The killer bee is moderately wounded.
You slash the killer bee!
* * * LOW HITPOINT WARNING * * *
You feel sick. The killer bee closely misses you. x2
The killer bee stings you but does no damage.
The orc hits you but does no damage. The killer bee stings you!
* * * LOW HITPOINT WARNING * * *
You closely miss the killer bee. You headbutt the killer bee.
The killer bee is heavily wounded.
You miss the killer bee.
You die...

...#..# ..........
####..#
######........
..<#..###....#.o....#
......#.............#
.###'##.........o...#
.................#
#..............o.#
#......##....###y##
#......####### #@y#
#......# ##.#
###....# .# #....# .#
#....# .. .. ... .#+


You could see 2 killer bees, 2 orc wizards and an orc.

Vanquished Creatures
  A water moccasin (D:5)
  An ice beast (D:6)
  An ogre (D:6)
  A necrophage (D:6)
  A bullfrog (D:6)
  A gnoll sergeant (D:5)
  2 scorpions
  4 killer bees (D:7)
  A howler monkey (D:5)
  3 hounds
  2 orc wizards (D:6)
  2 bullfrog skeletons (D:6)
  2 iguanas
  7 worker ants
  A howler monkey zombie (D:4)
  5 adders
  8 gnolls (D:5)
  A shadow imp (D:6)
  5 white imps
  An ooze (D:5)
  An adder zombie (D:5)
  2 adder skeletons (D:4)
  5 worms (D:2)
  3 dart slugs
  3 leopard geckos
  10 orcs
  8 giant cockroaches
  6 goblins
  5 hobgoblins
  16 jackals
  11 kobolds
  3 quokkas
  4 ball pythons
  8 bats
  2 frilled lizards (D:2)
  A leopard gecko zombie (D:6)
  A quokka skeleton (D:5)
  9 rats
148 creatures vanquished.

Vanquished Creatures (others)
  9 plants (D:5)
9 creatures vanquished.

Grand Total: 157 creatures vanquished

Notes
Turn   | Place    | Note
-------+----------+-------------------------------------------
     0 | D:1      | RamboRex the Minotaur Berserker began the quest for the
                  | Orb.
     0 | D:1      | Reached XP level 1. HP: 19/19 MP: 0/0
   106 | D:1      | Reached XP level 2. HP: 27/27 MP: 1/1
   138 | D:1      | Reached skill level 4 in Axes
   445 | D:1      | Reached ** piety under Trog
   684 | D:1      | Reached XP level 3. HP: 33/33 MP: 2/2
  1554 | D:2      | Found a stormy altar of Qazlal.
  1731 | D:2      | Found an ornate altar of the Wu Jian Council.
  1736 | D:2      | Reached XP level 4. HP: 28/40 MP: 3/3
  2086 | D:3      | Found a snail-covered altar of Cheibriados.
  2175 | D:3      | Reached skill level 5 in Axes
  2185 | D:3      | Reached *** piety under Trog
  2366 | D:3      | Reached XP level 5. HP: 43/47 MP: 4/4
  2442 | D:3      | Found a sacrificial altar of Ru.
  2886 | D:4      | Found an opulent altar of Gozag.
  3178 | D:4      | Found a radiant altar of Vehumet.
  3178 | D:4      | Found an ancient bone altar of Kikubaaqudgha.
  3179 | D:4      | Found a shimmering blue altar of Sif Muna.
  3294 | D:4      | Reached XP level 6. HP: 24/55 MP: 5/5
  3514 | D:4      | Reached skill level 5 in Fighting
  3514 | D:4      | Reached skill level 6 in Axes
  3885 | D:5      | Entered Level 5 of the Dungeon
  4159 | D:5      | Reached XP level 7. HP: 52/61 MP: 6/6
  4223 | D:5      | Reached **** piety under Trog
  4285 | D:5      | Reached skill level 7 in Axes
  4693 | D:5      | Reached skill level 5 in Armour
  4716 | D:5      | Found Fema's Armour Shop.
  5570 | D:6      | Reached XP level 8. HP: 68/70 MP: 7/7
  5587 | D:6      | Reached skill level 8 in Axes
  5587 | D:6      | Reached skill level 5 in Dodging
  6469 | D:6      | Found a glowing golden altar of the Shining One.
  6471 | D:6      | Found a broken altar of Ashenzari.
  6672 | D:7      | Reached skill level 9 in Axes
  6672 | D:7      | HP: 1/71 [killer bee (7)]
  6673 | D:7      | Succumbed to a killer bee's poison

Illustrated notes

Levels and vault maps discovered:
D:1:      psy_arrival_terrarium, layout_loops_corners
D:2:      layout_rooms, general_overflow_altar,
          nicolae_qazlal_general_emergency, minmay_hexomino_p4
D:3:      layout_basic, overflow_temple_1_default, kennysheep_slug_shrine
D:4:      minmay_recursive_quarters, layout_loops_ring,
          grunt_temple_overflow_magic_moments, grunt_gozag_breadcrumbs,
          glass_columns_a
D:5:      layout_basic, serial_shops, kennysheep_little_box,
          grunt_ministairs_15, serial_bayou_ford_a
D:6:      layout_loops_ring, grunt_temple_overflow_open, minivault_1
D:7:      layout_basic, zin_academy, minmay_temple_entry_glass,
          grunt_dithmenos_smoke_and_mirrors

Skill      XL: |  1  2  3  4  5  6  7  8 |
---------------+-------------------------+-----
Axes           | 4 5 6 7 9 |  9.0
Fighting       | 4 5 6 |  6.8
Armour         | 3 4 5 6 |  6.2
Dodging        | 3 4 5 |  5.6

Action                   |  1- 3 |  4- 6 |  7- 9 || total
-------------------------+-------+-------+-------++-------
Melee: Hand axe          |   106 |   132 |   165 ||   403
       Headbutt          |    21 |    28 |    35 ||    84
Throw: Dart              |       |     1 |       ||     1
Invok: Trog's Hand       |       |     1 |     1 ||     2
       Berserk           |       |     1 |       ||     1
  Use: Scroll            |       |     5 |     1 ||     6
Armor: Animal skin       |    18 |       |       ||    18
       Leather armour    |     8 |    36 |       ||    44
       Chain mail        |       |    17 |   117 ||   134
Dodge: Dodged            |    87 |   105 |    94 ||   286

Table legend: (Time is in decaauts)
 A = Elapsed time spent in this place.
 B = Non-inter-level travel time spent in this place.
 C = Inter-level travel time spent in this place.
 D = Time resting spent in this place.
 E = Time spent auto-exploring this place.
 F = Levels seen in this place.
 G = Mean time per level.
                   A        B        C        D        E       F      G
               +--------+--------+--------+--------+--------+-----+--------+
         Total |   6684 |   6550 |    134 |   1085 |   4149 |   7 |  954.9 |
       Dungeon |   6684 |   6550 |    134 |   1085 |   4149 |   7 |  954.9 |
               +--------+--------+--------+--------+--------+-----+--------+

Top non-repeatable levels by time:
     D:6: 1587 daAuts
     D:5: 1146 daAuts
     D:1: 1127 daAuts
     D:4: 1019 daAuts
     D:2: 933 daAuts
     D:3: 817 daAuts
     D:7: 52 daAuts
